 Dungeon Crawl Stone Soup version 0.25-a0-661-g55ea3d2053 (webtiles) character file.

Game seed: 14411955868924695427, levelgen mode: deterministic

125 DasRunzen the Ducker (level 4, 0/37 HPs)
             Began as a Demigod Gladiator on Mar 23, 2020.
             Killed from afar by Natasha (5 damage)
             ... with a magic dart
             ... on level 2 of the Dungeon.
             The game lasted 00:03:13 (1720 turns).

DasRunzen the Ducker (Demigod Gladiator)            Turns: 1720, Time: 00:03:13

Health: 0/37       AC:  5    Str: 17    XL:     4   Next: 53%
Magic:  8/8        EV: 13    Int: 14    God:
Gold:   61         SH:  0    Dex: 17    Spells: 5/5 levels left

rFire    . . .     SeeInvis .   a - +0 long sword
rCold    . . .     Gourm    .   (no shield)
rNeg     . . .     Faith    .   b - +0 leather armour
rPois    .         Spirit   .   c - +1 helmet
rElec    .         Reflect  .   (no cloak)
rCorr    .         Harm     .   (no gloves)
MR       .....                  (no boots)
Stlth    +.........             s - amulet of magic regeneration
HPRegen  0.12/turn              (no ring)
MPRegen  0.36/turn              (no ring)

@: no status effects
A: high mp 1
a: no special abilities


You were on level 2 of the Dungeon.
You were hungry.

You visited 1 branch of the dungeon, and saw 2 of its levels.

You collected 61 gold pieces.

Inventory:

Hand Weapons
 a - a +0 long sword (weapon)
Missiles
 d - 3 throwing nets (quivered)
Armour
 b - a +0 leather armour (worn)
 c - a +1 helmet (worn)
Jewellery
 s - an amulet of magic regeneration (around neck)
Scrolls
 e - 2 scrolls of remove curse
 i - a scroll of fear
Potions
 g - a potion of heal wounds
 h - 4 potions of curing {unknown}
 j - a potion of mutation {unknown}
 k - a potion of brilliance {unknown}
 o - a potion of haste {unknown}
 p - a potion of lignification {unknown}
 t - 3 potions of stabbing {unknown}
Comestibles
 f - 2 rations


   Skills:
 + Level 2.4 Fighting
 + Level 3.1 Long Blades
 + Level 2.4 Throwing
 + Level 1.4 Armour
 + Level 3.2 Dodging
 + Level 1.2 Spellcasting


You had 5 spell levels left.
You didn't know any spells.
Your spell library was empty.

Dungeon Overview and Level Annotations

Branches:
Dungeon (2/15)

Annotations:
D:2 Natasha


Innate Abilities, Weirdness & Mutations

You have an increased reservoir of magic. (+10% MP)


Message History

Unknown command.
There are monsters nearby!
Unknown command.
There are monsters nearby!
You barely miss Natasha.
Natasha is lightly wounded.
The white imp closely misses you. Natasha misses you.
You riposte.
You hit Natasha.
Natasha is moderately wounded.
The white imp gestures at you. The puff of frost misses you.
Natasha mumbles some strange words.
You slash Natasha!
Natasha is almost dead.
The white imp gestures at you. The puff of frost hits you!
* * * LOW HITPOINT WARNING * * *
Natasha stares at you and mumbles some strange words.
The magic dart hits you.
You die...

..........
#..[.....
#.......
#......
..... #.5.
#5h# #@#
#5## #..#
#. ##.#
##. #.##
... #..#
#..# ..
##.# #..
#. #.##
#.. #.
#..# #..
#.


You could see Natasha, a crimson imp and 2 white imps.

Vanquished Creatures
  Natasha (twice) (D:2)
  Robin (D:2)
  3 adders
  A ball python (D:1)
  2 bats (D:1)
  A giant cockroach (D:2)
  15 goblins
  3 hobgoblins
  2 jackals (D:2)
  3 frilled lizards
  A kobold (D:2)
  A rat (D:2)
35 creatures vanquished.

Notes
Turn   | Place    | Note
-------+----------+-------------------------------------------
     0 | D:1      | DasRunzen the Demigod Gladiator began the quest for the
                  | Orb.
     0 | D:1      | Reached XP level 1. HP: 17/17 MP: 3/3
   826 | D:2      | Noticed Robin
   828 | D:2      | Reached XP level 2. HP: 23/24 MP: 4/4
  1002 | D:1      | Reached XP level 3. HP: 28/29 MP: 6/6
  1203 | D:1      | Reached skill level 1 in Armour
  1397 | D:2      | Killed Robin
  1402 | D:2      | Reached skill level 1 in Spellcasting
  1403 | D:2      | Noticed Natasha
  1410 | D:2      | Killed Natasha
  1410 | D:2      | Reached XP level 4. HP: 12/37 MP: 6/8
  1421 | D:2      | Noticed Natasha
  1625 | D:2      | Killed Natasha
  1708 | D:2      | Noticed Natasha
  1720 | D:2      | Killed from afar by Natasha

Levels and vault maps discovered:
D:1:      nzn_arrival_depleted_hourglass, layout_basic
D:2:      layout_basic, lemuel_round_altar, xom_teletrap_fun, first_ration,
          corner_web_ring, uniq_robin, uniq_natasha

Skill      XL: |  1  2  3 |
---------------+----------+-----
Fighting       | 2 |  2.4
Throwing       | 2 |  2.4
Long Blades    | 3 |  3.1
Armour         | 1 |  1.4
Dodging        | 3 |  3.2
Spellcasting   | 1 |  1.2

Action                   |  1- 3 |  4- 6 || total
-------------------------+-------+-------++-------
Melee: Long sword        |    76 |    19 ||    95
  Use: Scroll            |     7 |       ||     7
  Eat: Chunk             |     1 |     1 ||     2
Armor: Leather armour    |    29 |     3 ||    32
Dodge: Dodged            |    98 |    19 ||   117
       Rpst.: Long sword |    28 |     5 ||    33

Table legend:
 A = Non-vault XP
 B = Vault XP
 C = Vault XP percentage of total XP
 D = Non-vault monster count
 E = Vault monster count
 F = Vault count percentage of total count
                 A         B        C        D         E       F
            +---------+---------+-------+---------+---------+-------
      Total |     103 |      76 |  42.5 |      21 |      14 |  40.0
            +---------+---------+-------+---------+---------+-------
        D:1 |      38 |      18 |  32.1 |       9 |       9 |  50.0
        D:2 |      65 |      58 |  47.2 |      12 |       5 |  29.4
            +---------+---------+-------+---------+---------+-------
